 Dungeon Crawl Stone Soup version 0.29.1 (webtiles) character file.

Game seed: 11588848222159768370

1376 Icepheonix32 the Covered (level 8, -5/70 HPs)
             Began as a Minotaur Fighter on Sept 14, 2022.
             Killed by nerve-wracking pain
             ... invoked by a shadow imp
              (12 damage)
             ... on level 6 of the Dungeon.
             The game lasted 00:05:04 (5478 turns).

Icepheonix32 the Covered (Minotaur Fighter)         Turns: 5478, Time: 00:05:05

Health: -5/70      AC:  9    Str: 23    XL:     8   Next: 39%
Magic:  7/7        EV: 11    Int:  5    God:
Gold:   305        SH:  0    Dex: 10    Spells: 7/7 levels left

rFire   . . .      SeeInvis .   j - +2 halberd (vamp)
rCold   . . .      Faith    .   (shield currently unavailable)
rNeg    . . .      Spirit   .   b - +0 scale mail
rPois   .          Reflect  .   (helmet restricted)
rElec   .          Harm     .   (no cloak)
rCorr   .          Rampage  .   q - +0 pair of gloves
Will    .....                   (no boots)
Stlth   ..........              (no amulet)
HPRegen 0.21/turn               v - ring of flight
MPRegen 0.10/turn               (no ring)

@: flying
A: horns 2, retaliatory headbutt
a: no special abilities


You were on level 6 of the Dungeon.
You visited 1 branch of the dungeon, and saw 6 of its levels.

You collected 305 gold pieces.

Inventory:

Hand Weapons
 a - a +0 war axe
 j - a +2 vampiric halberd (weapon)
Armour
 b - a +0 scale mail (worn)
 c - a +0 buckler
 q - a +0 pair of gloves (worn)
 t - a +0 kite shield
Jewellery
 v - a ring of flight (left hand)
Wands
 l - a wand of mindburst (22)
 s - a wand of flame (38)
 x - a wand of digging (8)
Scrolls
 d - 2 scrolls of blinking {unknown}
 e - 3 scrolls of enchant armour {unknown}
 f - 2 scrolls of noise {unknown}
 g - a scroll of amnesia {unknown}
 h - a scroll of silence {unknown}
 k - 4 scrolls of teleportation {unknown}
 n - 4 scrolls of identify {unknown}
 p - a scroll of butterflies {unknown}
 r - a scroll of torment {unknown}
 w - a scroll of enchant weapon {unknown}
Potions
 i - a potion of attraction


   Skills:
 + Level 5.9 Fighting
 - Level 6.8(7.0) Axes
 + Level 2.4(5.0) Polearms
 + Level 7.7 Armour
 + Level 3.5 Dodging
 + Level 0.6 Stealth
 + Level 5.4 Shields


You had 7 spell levels left.
You didn't know any spells.
Your spell library contained the following spells:

 Spells                   Type           Power      Damage    Failure   Level
 Gell's Gravitas          Tloc           0%         N/A       98%         3
 Lesser Beckoning         Tloc           0%         N/A       98%         3
 Ozocubu's Armour         Ice            0%         N/A       98%         3
 Teleport Other           Tloc           0%         N/A       98%         3
 Summon Ice Beast         Ice/Summ       0%         N/A       100%        4
 Simulacrum               Ice/Necr       0%         N/A       100%        6
 Ozocubu's Refrigeration  Ice            0%         4d7       100%        7


Dungeon Overview and Level Annotations

Branches:
Dungeon (6/15)
 Temple: D:4-7

Altars:
Yredelemnul

Shops:
D:1 [   D:2 (


Innate Abilities, Weirdness & Mutations

You have a pair of horns on your head.
You reflexively headbutt those who attack you in melee.


Message History

You hear some strange, mumbled words.
You are more confused.
The shadow imp barely misses you. The shadow imp closely misses you.
Something hits you but does no damage.
The shadow imp attacks as you move away!
The shadow imp hits you but does no damage.
Something hits you but does no damage.
You're too confused to move!
The shadow imp barely misses you. Something hits you but does no damage.
Something hits you but does no damage.
You miss the shadow imp. Your headbutt misses the shadow imp.
The shadow imp closely misses you. Something hits you.
Something hits you but does no damage.
The shadow imp hits you but does no damage.
The shadow imp closely misses you.
Found a book of Ice.
You feel less confused. The shadow imp hits you.
Something hits you but does no damage.
You closely miss something. Your headbutt misses something.
The shadow imp gestures at you. Pain shoots through your body!
* * * LOW HITPOINT WARNING * * *
Something hits you.
* * * LOW HITPOINT WARNING * * *
You hit something.
You feel better. The shadow imp misses you. You furiously retaliate!
You headbutt the shadow imp. Something hits you but does no damage.
The shadow imp gestures at you. Pain shoots through your body!
* * * LOW HITPOINT WARNING * * *
Something hits you but does no damage.
You hit the shadow imp.
The shadow imp is almost dead.
The shadow imp barely misses you. Something hits you but does no damage.
Okay, then.
You barely miss the shadow imp.
The shadow imp is almost dead.
The shadow imp gestures at you. Pain shoots through your body!
You die...

#...).#..#.#
#.....?†#..#.####
#.......).......#
#.###.#.........#
#. ..#....>....#
# >###...).....#
#.#...........# #
#.#.........#
#.......5@##
#.....#...{..#
#.....#......#
#.....#......#
#.... #......#
#.#..:.......#
###......#
###..### #..


You could see a shadow imp.

Vanquished Creatures
  Grinder (D:5)
  Eustachio (D:5)
  An ogre (D:5)
  A black bear (D:5)
  A centaur (D:5)
  A phantom (D:6)
  A bullfrog (D:6)
  Blork the orc (D:5)
  A gnoll sergeant (D:4)
  2 scorpions (D:5)
  A gnoll bouda (D:5)
  2 orc priests
  An orc wizard (D:5)
  14 gnolls
  5 adders
  A shadow imp (D:6)
  An ufetubus (D:5)
  A worm (D:2)
  3 dart slugs
  11 orcs
  2 ball pythons
  5 endoplasms
  4 giant cockroaches
  5 hobgoblins
  4 jackals (D:2)
  3 quokkas
  4 bats
  4 frilled lizards (D:1)
  4 goblins
  9 kobolds
  A rat (D:2)
  A spectral orc (D:4)
97 creatures vanquished.

Notes
Turn   | Place    | Note
-------+----------+-------------------------------------------
     0 | D:1      | Icepheonix32 the Minotaur Fighter began the quest for the
                  | Orb.
     0 | D:1      | Reached XP level 1. HP: 19/19 MP: 0/0
     3 | D:1      | Found Jigolytz's Armour Emporium.
    86 | D:1      | Reached skill level 4 in Armour
   129 | D:1      | Reached XP level 2. HP: 27/27 MP: 1/1
   625 | D:2      | Reached XP level 3. HP: 33/33 MP: 2/2
   708 | D:2      | Found a faded altar of an unknown god.
  1143 | D:2      | Found Apann's Antique Weapon Shoppe.
  1766 | D:3      | Reached XP level 4. HP: 25/40 MP: 3/3
  2056 | D:3      | Reached skill level 1 in Dodging
  2863 | D:4      | Identified the +1 helmet of Yesterday {rF+ Str+4 Stlth+}
  2931 | D:4      | Noticed a gnoll sergeant
  2937 | D:4      | Reached XP level 5. HP: 37/46 MP: 4/4
  2941 | D:4      | Reached skill level 5 in Armour
  2944 | D:4      | Reached skill level 5 in Axes
  3222 | D:4      | Found a basalt altar of Yredelemnul.
  3654 | D:5      | Entered Level 5 of the Dungeon
  3725 | D:5      | HP: 2/47 [orc priest/divine providence (14)]
  3731 | D:5      | HP: 3/70 [something (2)]
  3759 | D:5      | Reached XP level 6. HP: 19/55 MP: 5/5
  4189 | D:5      | Reached skill level 5 in Fighting
  4387 | D:5      | Got the Quarto of the Ghastly Snowflakes
  4420 | D:5      | Noticed Grinder
  4420 | D:5      | Paralysed by Grinder for 2 turns
  4431 | D:5      | Killed Grinder
  4432 | D:5      | Reached skill level 6 in Armour
  4432 | D:5      | Reached XP level 7. HP: 55/61 MP: 6/6
  4507 | D:5      | Reached skill level 5 in Shields
  4778 | D:5      | Noticed Blork the orc
  4796 | D:5      | Killed Blork the orc
  4797 | D:5      | Reached XP level 8. HP: 67/69 MP: 7/7
  4941 | D:5      | Reached skill level 7 in Armour
  4953 | D:5      | Noticed Eustachio
  4966 | D:5      | Killed Eustachio
  4967 | D:5      | Reached skill level 1 in Polearms
  5478 | D:6      | Killed from afar by a shadow imp

Illustrated notes

Levels and vault maps discovered:
D:1:      scummos_arrival_checkerplants, layout_rooms, serial_shops, shop
D:2:      layout_basic, serial_shops, shop_fountains,
          shapermc_ecumenical_altar_ellora, minmay_splitting_lines
D:3:      layout_loops_corners, ebering_dispersal_statue_hall,
          mrwooster_statue_mirror
D:4:      layout_basic, yredelemnul_forgotten_temple_becter,
          chequers_hall_statues_y, minmay_circle_x
D:5:      layout_cave_pods, uniq_grinder, uniq_eustachio, uniq_blork_the_orc
D:6:      layout_basic, lemuel_blue_sif_altar, grunt_dithmenos_shadows,
          uniq_duvessa, uniq_prince_ribbit1, uniq_sigmund

Skill      XL: |  1  2  3  4  5  6  7  8 |
---------------+-------------------------+-----
Armour         | 4 5 6 7 |  7.7
Fighting       | 4 5 |  5.9
Axes           | 3 4 5 6 |  6.8
Shields        | 4 5 |  5.4
Dodging        | 1 2 3 |  3.5
Polearms       | 2 |  2.4
Stealth        | |  0.6

Action                   |  1- 3 |  4- 6 |  7- 9 || total
-------------------------+-------+-------+-------++-------
Melee: War axe           |    83 |    90 |    23 ||   196
       Headbutt          |     7 |    13 |    10 ||    30
       Halberd           |       |       |    42 ||    42
  Use: Potion            |       |    10 |     2 ||    12
Armor: Scale mail        |    43 |    52 |    58 ||   153
       Skin              |       |    17 |       ||    17
Dodge: Dodged            |    42 |    52 |    57 ||   151
Block: Buckler           |    29 |    38 |     8 ||    75
